 Dungeon Crawl Stone Soup version 0.28.0-43-g3370ac3207 (webtiles) character file.

Game seed: 12124127884856215354

9 croobank the Sneak (level 2, 0/14 HPs)
             Began as a Felid Delver on Mar 21, 2022.
             Succumbed to an adder's poison
             ... on level 4 of the Dungeon.
             The game lasted 00:00:35 (48 turns).

croobank the Sneak (Felid Delver)                     Turns: 48, Time: 00:00:36

Health: 0/14       AC:  1    Str:  8    XL:     2   Next: 3%
Magic:  3/3        EV: 18    Int: 11    God:
Gold:   0          SH:  0    Dex: 17    Spells: 1/1 levels left
                                        Lives:  0   Deaths: 0

rFire   . . .      SeeInvis +     - Unarmed
rCold   . . .      Faith    .   (shield unavailable)
rNeg    . . .      Spirit   .   (armour unavailable)
rPois   .          Reflect  .   (helmet unavailable)
rElec   .          Harm     .   (cloak unavailable)
rCorr   .          Rampage  .   (gloves unavailable)
Will    .....                   (boots unavailable)
Stlth   ++++......              (no amulet)
HPRegen 0.04/turn               (no ring)
MPRegen 0.08/turn               (no ring)

@: lethally poisoned (0 -> -2), hasted, very quick
A: very small, claws 1, fangs 3, see invisible, speed 1, shaggy fur 1, stealthy
paws, no weapons or thrown items, no armour, multi-lived
a: no special abilities


You were on level 4 of the Dungeon.
You visited 1 branch of the dungeon, and saw 2 of its levels.

Inventory:

Wands
 e - a wand of digging (2)
Scrolls
 a - a scroll of fog
 c - a scroll of fear


   Skills:
 + Level 3.1 Fighting
 + Level 3.0 Dodging
 + Level 6.7 Stealth
 + Level 2.2 Unarmed Combat


You had one spell level left.
You didn't know any spells.
Your spell library was empty.

Dungeon Overview and Level Annotations

Branches:
Dungeon (5/15)
 Temple: D:4-7

Altars:

Annotations:
D:5 Dowan


Innate Abilities, Weirdness & Mutations

You have sharp claws.
You have razor-sharp teeth.
You have supernaturally acute eyesight. (SInv)
You cover ground quickly. (Speed+)
You are covered in fur. (AC +1)
Your paws help you pounce on unaware monsters.
You are incapable of wielding weapons or throwing items.
You cannot wear armour.
You gain extra lives every three experience levels.


Message History

You scratch the adder.
The adder is lightly wounded.
The adder bites you.
You scratch the adder. You bite the adder.
The adder is severely wounded.
The adder completely misses you. The adder closely misses you.
You miss the adder.
The adder is severely wounded.
The adder barely misses you.
You closely miss the adder. Your bite misses the adder.
The adder is severely wounded.
The adder bites you.
You closely miss the adder.
The adder is severely wounded.
The adder barely misses you.
You miss the adder.
The adder is severely wounded.
The adder misses you. The adder bites you.
You are lethally poisoned!
The adder poisons you!
You scratch the adder but do no damage. Your bite misses the adder.
The adder is severely wounded.
You feel sick. The adder misses you.
You scratch the adder but do no damage.
The adder is severely wounded.
You feel sick. The adder bites you.
* * * LOW HITPOINT WARNING * * *
You scratch the adder.
You kill the adder!
* * * LOW HITPOINT WARNING * * *
You feel sick.
Your Dodging skill increases to level 3!
You have reached level 2!
You feel yourself speed up.
* * * LOW HITPOINT WARNING * * *
You feel sick.
* * * LOW HITPOINT WARNING * * *
You feel sick.
Found 21 stones.
Found a stone staircase leading up.
You die...

... #.. # #.. .
.####.#####<# ##
....#.....#.#..#
###......>.....#
...............#
####..........#
#..@....##..#
##.....## .#
#!......# #
#.......#
#.!......#
##.....#...
##...##... ..###
.(


There were no monsters in sight!

Vanquished Creatures
  An adder (D:4)
1 creature vanquished.

Notes
Turn   | Place    | Note
-------+----------+-------------------------------------------
     0 | D:5      | croobank the Felid Delver began the quest for the Orb.
     0 | D:5      | Reached XP level 1. HP: 10/10 MP: 2/2
    13 | D:5      | Noticed Dowan
    13 | D:5      | Noticed an iguana
    45 | D:4      | Reached XP level 2. HP: 3/14 MP: 3/3
    48 | D:4      | Succumbed to an adder's poison

Illustrated notes

Levels and vault maps discovered:
D:4:      layout_rooms, lemuel_coloured_pillars_altar,
          minmay_temple_entry_poolview, enter_ossuary_3, uniq_natasha,
          uniq_eustachio, uniq_sigmund
D:5:      layout_rooms, trog_wizard, minivault_1,
          chequers_serial_rivers_large_b, uniq_duvessa

Skill      XL: |  1 |
---------------+----+-----
Dodging        | 3 |  3.0
Fighting       | |  3.1
Stealth        | |  6.7
Unarmed Combat | |  2.2

Action                   || total
-------------------------++-------
Melee: Unarmed           ||     9
       Bite              ||     1
Evoke: Wand              ||     1
  Use: Scroll            ||     1
       Potion            ||     1
Dodge: Dodged            ||     7
